 Dungeon Crawl Stone Soup version 0.28.0-45-g0d030f2227 (webtiles) character file.

Game seed: 6855127254687215785

575 DearestLeader the Chopper (level 7, -3/60 HPs)
             Began as a Gnoll Chaos Knight on Apr 18, 2022.
             Was a Plaything of Xom.
             Slain by a scorpion (6 damage)
             ... on level 5 of the Dungeon.
             The game lasted 00:06:18 (3301 turns).

DearestLeader the Chopper (Gnoll Chaos Knight)      Turns: 3301, Time: 00:06:20

Health: -3/60      AC: -1    Str: 14    XL:     7   Next: 35%
Magic:  10/10      EV: 12    Int: 11    God:    Xom [..*...]
Gold:   174        SH:  4    Dex: 15    Spells: 10/10 levels left

rFire   + . .      SeeInvis .   r - +5 short sword (vamp)
rCold   . . .      Faith    .   v - +0 buckler
rNeg    . . .      Spirit   .   b - +2 leather armour
rPois   .          Reflect  .   s - +1 helmet of Theory {rF+ Dex+4}
rElec   .          Harm     .   (no cloak)
rCorr   .          Rampage  .   n - +0 pair of gloves
Will    .....                   g - +0 pair of boots
Stlth   ++........              (no amulet)
HPRegen 0.20/turn               (no ring)
MPRegen 0.12/turn               (no ring)

@: brilliant, corroded, attractive
A: fangs 1, strong nose, distributed training
a: Renounce Religion


You were on level 5 of the Dungeon.
You worshipped Xom.
You were a toy of Xom.
You visited 1 branch of the dungeon, and saw 5 of its levels.

You collected 174 gold pieces.

Inventory:

Hand Weapons
 a - a +0 hand axe of chaos
 r - a +5 vampiric short sword (weapon)
 y - a +1 vorpal hand axe
Armour
 b - a +2 leather armour (worn)
 g - a +0 pair of boots (worn)
 n - a +0 pair of gloves (worn)
 s - the +1 helmet of Theory (worn) {rF+ Dex+4}
   (You took it off Robin on level 3 of the Dungeon)

   Dex:       It affects your dexterity (+4).
   rF:        It protects you from fire.
 v - a +0 buckler (worn)
Wands
 x - a wand of flame (13)
Scrolls
 c - a scroll of summoning {unknown}
 d - a scroll of enchant weapon {unknown}
 e - 2 scrolls of amnesia
 j - a scroll of vulnerability {unknown}
 l - 2 scrolls of blinking
 p - 2 scrolls of noise
 q - a scroll of magic mapping
 t - a scroll of holy word {unknown}
 w - a scroll of immolation {unknown}
Potions
 f - 3 potions of brilliance
 i - a potion of lignification {unknown}
 m - a potion of heal wounds {unknown}
 o - a potion of degeneration {unknown}
 u - a potion of berserk rage {unknown}
 z - a potion of magic {unknown}


   Skills:
 + Level 7.0 Fighting
 + Level 2.4 Short Blades
 + Level 2.4 Long Blades
 + Level 7.0 Axes
 + Level 2.4 Maces & Flails
 + Level 2.4 Polearms
 + Level 2.4 Staves
 + Level 2.4 Slings
 + Level 2.4 Bows
 + Level 2.4 Crossbows
 + Level 2.4 Throwing
 + Level 5.2 Armour
 + Level 3.6 Dodging
 + Level 2.4 Stealth
 + Level 2.4 Shields
 + Level 2.4 Unarmed Combat
 + Level 2.4 Spellcasting
 + Level 2.0 Conjurations
 + Level 2.0 Hexes
 + Level 2.0 Summonings
 + Level 2.0 Necromancy
 + Level 2.0 Translocations
 + Level 2.0 Transmutations
 + Level 2.0 Fire Magic
 + Level 2.0 Ice Magic
 + Level 2.0 Air Magic
 + Level 2.0 Earth Magic
 + Level 2.0 Poison Magic
 + Level 2.7 Invocations
 + Level 2.4 Evocations


You had 10 spell levels left.
You didn't know any spells.
Your spell library contained the following spells:

 Spells                   Type           Power      Damage    Failure   Level
 Summon Small Mammal      Summ           32%        N/A       21%         1
 Corpse Rot               Necr/Air       16%        N/A       30%         2
 Call Canine Familiar     Summ           8%         N/A       52%         3
 Conjure Flame            Conj/Fire      8%         6-21      52%         3
 Ignite Poison            Fire/Tmut/Pois 8%         N/A       52%         3
 Portal Projectile        Hex/Tloc       16%        N/A       52%         3
 Stone Arrow              Conj/Erth      16%        3d8       52%         3
 Summon Guardian Golem    Hex/Summ       8%         N/A       52%         3
 Tukima's Dance           Hex            8%         N/A       52%         3
 Animate Armour           Summ/Erth      16%        N/A       89%         4
 Dispel Undead            Necr           8%         3d8       89%         4
 Passage of Golubria      Tloc           8%         N/A       89%         4
 Sticky Flame             Conj/Fire      8%         2d3       89%         4
 Blade Hands              Tmut           4%         N/A       99%         5
 Excruciating Wounds      Necr           4%         N/A       99%         5
 Yara's Violent Unravell  Hex/Tmut       4%         3d4       99%         5
 Death Channel            Necr           4%         N/A       100%        6
 Lehudib's Crystal Spear  Conj/Erth      4%         10d3      100%        8


Dungeon Overview and Level Annotations

Branches:
Dungeon (5/15)             Temple (0/1) D:5

Altars:
Nemelex Xobeh
Qazlal

Annotations:
D:3 3 runed translucent doors, maxonian's ghost, amateur DrAE


Innate Abilities, Weirdness & Mutations

You have very sharp teeth.
Your uncanny sense of smell can sniff out nearby items.
Your experience applies equally to all skills.


Message History

You hit the jelly.
Your hands burn!
The jelly is heavily wounded.
The jelly closely misses you.
You hit the jelly. The acid corrodes you!
Your hands burn!
You bite the jelly, but do no damage.
The jelly is severely wounded.
You block the scorpion's attack. The jelly hits you. The acid corrodes you!
You are splashed with acid!
You block the scorpion's attack. Xom grants you a minor favour.
You feel clever all of a sudden.
You hit the scorpion but do no damage. The scorpion closely misses you.
You hit the scorpion but do no damage. The scorpion stings you!
You are poisoned.
The scorpion poisons you!
You hit the scorpion but do no damage. Your bite misses the scorpion.
You feel sick. The scorpion stings you. The scorpion barely misses you.
You barely miss the scorpion.
You feel sick. Xom grants you insight.
You feel momentarily disoriented. You block the scorpion's attack.
You barely miss the scorpion.
You feel sick. The scorpion barely misses you.
You completely miss the scorpion.
You feel sick. The scorpion stings you!
* * * LOW HITPOINT WARNING * * *
You hit the scorpion but do no damage.
You feel sick. The scorpion closely misses you.
You hit the scorpion but do no damage.
You feel sick. The scorpion stings you.
* * * LOW HITPOINT WARNING * * *
The scorpion stings you.
* * * LOW HITPOINT WARNING * * *
Unknown command.
It was a potion of brilliance.
You feel more clever all of a sudden.
Xom roars with laughter!
You feel sick. The scorpion completely misses you.
It was a potion of attraction.
You feel attractive to monsters.
You feel sick.
You are no longer poisoned.
The scorpion stings you.
You die...
Xom titters!

*,****,***,*,***,*,*,,,,,,,,,,,,,
*,,,,,,,,,,*,* *,#.#*******+*****
*,****,*****,*##,#.#*******,*,,,,
*,****,,,,,,,,,.,...,,,,,,*,**,**
*,,,,*,,,***,**#.#.#*****,*,*,,,*
*,**,*,,****,***.#.######.*∆***.#
*,*,,,,,,,,,,*,,,.........,,,,,..
,,****,*****,#####........,,,,,.#
*,*,,,,,,,,,,#..@sJ.......,,,,,.#
*,,,**,*****,#.###.......),,,,,.#
*,,,,,,,,,**,#.# #........,,***.#
*,,,,*,**,**,#.################.#
*,*,,*,,,,**,#................<.#
*,*,,*,,****,##################.#
*,*,,*,,* *,*,,,,,* *.# *,*,,*,,*
*,*,***,* *.# *,*,,*,,* *,*,,,,,*
*..


You could see a scorpion and a jelly.

Vanquished Creatures
  A bullfrog (D:3)
  2 scorpions
  A water moccasin skeleton (D:3)
  A centaur skeleton (D:2)
  An iguana (D:4)
  Natasha (thrice) (D:4)
  A hound skeleton (D:3)
  Robin (D:3)
  8 adders
  5 worms
  3 dart slugs
  12 orcs
  9 endoplasms
  3 giant cockroaches
  15 goblins
  6 hobgoblins
  5 quokkas (D:4)
  8 ball pythons
  6 bats
  4 frilled lizards
  3 kobolds
  4 rats
102 creatures vanquished.

Vanquished Creatures (collateral kills)
  A kobold (D:1)
1 creature vanquished.

Grand Total: 103 creatures vanquished

Notes
Turn   | Place    | Note
-------+----------+-------------------------------------------
     0 | D:1      | DearestLeader the Gnoll Chaos Knight began the quest for
                  | the Orb.
     0 | D:1      | Reached XP level 1. HP: 23/23 MP: 1/1
    23 | D:1      | XOM: divination: magic mapping
    72 | D:1      | Reached XP level 2. HP: 23/29 MP: 2/2
   543 | D:2      | Reached XP level 3. HP: 34/35 MP: 3/3
   573 | D:2      | Reached skill level 1 in Short Blades
   573 | D:2      | Reached skill level 1 in Long Blades
   573 | D:2      | Reached skill level 1 in Maces & Flails
   573 | D:2      | Reached skill level 1 in Polearms
   573 | D:2      | Reached skill level 1 in Staves
   573 | D:2      | Reached skill level 1 in Slings
   573 | D:2      | Reached skill level 1 in Bows
   573 | D:2      | Reached skill level 1 in Crossbows
   573 | D:2      | Reached skill level 1 in Throwing
   573 | D:2      | Reached skill level 1 in Stealth
   573 | D:2      | Reached skill level 1 in Shields
   573 | D:2      | Reached skill level 1 in Unarmed Combat
   573 | D:2      | Reached skill level 1 in Spellcasting
   573 | D:2      | Reached skill level 1 in Invocations
   573 | D:2      | Reached skill level 1 in Evocations
   628 | D:2      | Reached XP level 4. HP: 35/41 MP: 5/5
   961 | D:2      | XOM: divination: magic mapping
   965 | D:2      | Found a faded altar of an unknown god.
  1062 | D:2      | XOM: silly message
  1164 | D:2      | XOM: 3-stop teleportation journey
  1471 | D:3      | Noticed a scorpion
  1478 | D:3      | Killed a scorpion
  1479 | D:3      | Reached skill level 1 in Conjurations
  1479 | D:3      | Reached skill level 1 in Hexes
  1479 | D:3      | Reached skill level 1 in Summonings
  1479 | D:3      | Reached skill level 1 in Necromancy
  1479 | D:3      | Reached skill level 1 in Translocations
  1479 | D:3      | Reached skill level 1 in Transmutations
  1479 | D:3      | Reached skill level 1 in Fire Magic
  1479 | D:3      | Reached skill level 1 in Ice Magic
  1479 | D:3      | Reached skill level 1 in Air Magic
  1479 | D:3      | Reached skill level 1 in Earth Magic
  1479 | D:3      | Reached skill level 1 in Poison Magic
  1479 | D:3      | Reached XP level 5. HP: 36/47 MP: 5/7
  1654 | D:3      | Identified the +1 helmet of Theory {rF+ Dex+4}
  1654 | D:3      | Noticed Robin
  1666 | D:3      | Killed Robin
  1674 | D:3      | XOM: confuse monster(s)
  1891 | D:3      | Found a runed translucent gate.
  1891 | D:3      | Found a runed translucent gate.
  1891 | D:3      | Found a runed translucent gate.
  1891 | D:3      | Noticed maxonian's ghost (amateur DrAE)
  1909 | D:3      | Reached XP level 6. HP: 53/53 MP: 8/8
  2075 | D:3      | Found a stormy altar of Qazlal.
  2086 | D:3      | Reached skill level 5 in Armour
  2563 | D:4      | Noticed Natasha
  2571 | D:4      | XOM: confuse monster(s)
  2578 | D:4      | Killed Natasha
  2586 | D:4      | Reached XP level 7. HP: 57/59 MP: 10/10
  2598 | D:4      | Found a sparkling altar of Nemelex Xobeh.
  2679 | D:4      | XOM: smoke on damage
  2688 | D:4      | XOM: snakes to sticks
  2846 | D:4      | XOM: 2-stop teleportation journey
  2847 | D:4      | Noticed Natasha
  2856 | D:4      | Killed Natasha
  3169 | D:4      | Noticed Natasha
  3178 | D:4      | Killed Natasha
  3258 | D:5      | Entered Level 5 of the Dungeon
  3290 | D:5      | XOM: potion effect (brilliance)
  3295 | D:5      | XOM: divination: magic mapping
  3301 | D:5      | HP: 3/60 [poisoned by a scorpion]
  3301 | D:5      | Slain by a scorpion

Illustrated notes

Levels and vault maps discovered:
D:1:      heliophobic_arrival_henge, layout_rooms, minmay_misc_feat_encased
D:2:      layout_loops_cross, basic_ecumenical_altar
D:3:      layout_loops_ring, nicolae_qazlal_scattered_showers,
          gammafunk_ghost_necromancy, uniq_robin
D:4:      layout_basic, nemelex_xobeh_ov_fountains_minmay, serial_glass,
          glass_columns_a, glass_columns_a, glass_columns_c, glass_columns_b,
          saegor_snake_ambush, uniq_natasha
D:5:      layout_basic, worldfamousw_hep_ancestral_shrine,
          minmay_temple_entry_proselytizer, lightli_sewer_entry_pipes,
          minmay_checkerbox

Skill      XL: |  1  2  3  4  5  6  7 |
---------------+----------------------+-----
Short Blades   | 1 2 |  2.4
Long Blades    | 1 2 |  2.4
Maces & Flails | 1 2 |  2.4
Polearms       | 1 2 |  2.4
Staves         | 1 2 |  2.4
Slings         | 1 2 |  2.4
Bows           | 1 2 |  2.4
Crossbows      | 1 2 |  2.4
Throwing       | 1 2 |  2.4
Stealth        | 1 2 |  2.4
Shields        | 1 2 |  2.4
Unarmed Combat | 1 2 |  2.4
Spellcasting   | 1 2 |  2.4
Invocations    | 1 2 |  2.7
Evocations     | 1 2 |  2.4
Conjurations   | 1 2 |  2.0
Hexes          | 1 2 |  2.0
Summonings     | 1 2 |  2.0
Necromancy     | 1 2 |  2.0
Translocations | 1 2 |  2.0
Transmutations | 1 2 |  2.0
Fire Magic     | 1 2 |  2.0
Ice Magic      | 1 2 |  2.0
Air Magic      | 1 2 |  2.0
Earth Magic    | 1 2 |  2.0
Poison Magic   | 1 2 |  2.0
Dodging        | 3 |  3.6
Armour         | 5 |  5.2
Fighting       | 7 |  7.0
Axes           | 7 |  7.0

Action                   |  1- 3 |  4- 6 |  7- 9 || total
-------------------------+-------+-------+-------++-------
Melee: Hand axe          |    54 |    85 |       ||   139
       Bite              |     3 |    12 |     7 ||    22
       Short sword       |       |    78 |   126 ||   204
       Punch             |       |     2 |       ||     2
  Use: Potion            |       |     1 |     2 ||     3
       Scroll            |       |       |     4 ||     4
 Stab: Petrifying        |       |     1 |       ||     1
       Sleeping          |       |     1 |     1 ||     2
       Distracted        |       |     1 |       ||     1
Armor: Leather armour    |    19 |    55 |    41 ||   115
Dodge: Dodged            |    27 |    81 |    62 ||   170
Block: Buckler           |       |     2 |    28 ||    30
